 Dungeon Crawl Stone Soup version 0.28.0-53-g5a82cb258f (webtiles) character file.

Game seed: 10542374494529605123

10490 BeingJoeMalik the Bludgeoner (level 11, -4/51 HPs)
             Began as a Vine Stalker Fighter on July 23, 2022.
             Was an Elder of Dithmenos.
             Slain by a white ugly thing (18 damage)
             ... on level 10 of the Dungeon.
             The game lasted 00:25:54 (7612 turns).

BeingJoeMalik the Bludgeoner (Vine Stalker Fighter) Turns: 7612, Time: 00:25:55

Health: -4/51      AC: 12    Str: 26    XL:     11   Next: 62%
Magic:  0/21       EV:  7    Int:  8    God:    Dithmenos [****..]
Gold:   577        SH:  6    Dex: 15    Spells: 10/10 levels left

rFire   . . .      SeeInvis .   s - +2 flail (vorpal)
rCold   . . .      Faith    .   c - +1 buckler
rNeg    . . .      Spirit   +   o - +3 chain mail
rPois   .          Reflect  .   (no helmet)
rElec   +          Harm     .   (no cloak)
rCorr   .          Rampage  .   p - +0 pair of gloves
Will    ++...                   (no boots)
Stlth   ..........              u - amulet of magic regeneration
HPRegen 0.97/turn               r - ring of magical power
MPRegen 0.57/turn               b - ring "Bon Hada" {Fly rElec Will+ Str+8 Dex-4}

@: flying, wreathed by umbra
A: fangs 3, regeneration 1, magic shield, antimagic bite, no potion heal 2
a: Renounce Religion, Shadow Step


You were on level 10 of the Dungeon.
You worshipped Dithmenos.
Dithmenos was greatly pleased with you.
You visited 2 branches of the dungeon, and saw 11 of its levels.
You also visited: Ossuary.

You collected 577 gold pieces.

Inventory:

Hand Weapons
 a - a +0 flail
 s - a +2 vorpal flail (weapon)
Missiles
 n - 29 poisoned darts (quivered)
 q - a throwing net
 x - 9 curare-tipped darts
Armour
 c - a +1 buckler (worn)
 o - a +3 chain mail (worn)
 p - a +0 pair of gloves (worn)
 B - a +0 leather armour of cold resistance
Jewellery
 b - the ring "Bon Hada" (right hand) {Fly rElec Will+ Str+8 Dex-4}
   (You acquired it on level 4 of the Dungeon)

   [ring of willpower]

   Str:       It affects your strength (+8).
   Dex:       It affects your dexterity (-4).
   rElec:     It insulates you from electricity.
   Fly:       It grants you flight.
   Will:      It increases your willpower.
 f - a ring of wizardry
 r - a ring of magical power (left hand)
 u - an amulet of magic regeneration (around neck)
 C - the ring of Ososarid {Str+3 Int+6 Slay-2}
   (You found it on level 6 of the Dungeon)

   [ring of intelligence]

   Str:       It affects your strength (+3).
   Int:       It affects your intelligence (+6).
   Slay:      It affects your accuracy & damage with ranged weapons and melee
   (-2).
 H - a ring of see invisible
 I - an amulet of faith
Wands
 t - a wand of charming (9)
 E - a wand of paralysis (6)
 G - a wand of iceblast (8)
Scrolls
 g - 3 scrolls of enchant armour
 h - 2 scrolls of fog
 w - a scroll of acquirement
 y - a scroll of summoning
 z - a scroll of amnesia
 A - 2 scrolls of enchant weapon
 D - 2 scrolls of teleportation
 F - 5 scrolls of magic mapping
Potions
 d - a potion of might
 e - 4 potions of brilliance
 i - a potion of flight
 j - a potion of resistance {unknown}
 k - 3 potions of curing
 l - a potion of cancellation
 m - 2 potions of mutation
 v - 3 potions of haste


   Skills:
 - Level 2.6 Fighting
 + Level 16.3 Maces & Flails
 - Level 2.4 Armour
 - Level 2.6 Shields


You had 10 spell levels left.
You didn't know any spells.
Your spell library contained the following spells:

 Spells                   Type           Power      Damage    Failure   Level
 Freeze                   Ice            0%         1d3       98%         1
 Slow                     Hex            0%         N/A       98%         1
 Confusing Touch          Hex            0%         N/A       100%        3
 Frozen Ramparts          Ice            0%         1d2       100%        3
 Vampiric Draining        Necr           0%         2d6       100%        3
 Hailstorm                Conj/Ice       0%         3d3       100%        4


Dungeon Overview and Level Annotations

Branches:
Dungeon (10/15)            Temple (1/1) D:4            Lair (0/6) D:9
    Orc (0/2) D:9         Ossuary (visited)

Altars:
Ashenzari
Cheibriados
Dithmenos
Elyvilon
Fedhas
Gozag
Hepliaklqana
Kikubaaqudgha
Makhleb
Nemelex Xobeh
Okawaru
Qazlal
Ru
Sif Muna
Trog
Uskayaw
Vehumet
Wu Jian
Xom
Yredelemnul
Zin
The Shining One

Shops:
D:6 (   D:8 ===

Annotations:
D:3 1 runed translucent door, Crazy Yiuf


Innate Abilities, Weirdness & Mutations

You have razor-sharp teeth.
Your natural rate of healing is unusually fast.
When hurt, damage is shared between your health and your magic reserves.
Your bite disrupts and absorbs the magic of your enemies.
Potions cannot restore your health.


Message History

The white ugly thing gurgles horribly!
Throw: 31 darts (poison)
Press: ? - help, Q - select action, (/) - cycle Shift-Dir - straight line, f - white ugly thing
Aim: a white ugly thing (umbra, 59% to hit)
You throw a poisoned dart.
The poisoned dart closely misses the white ugly thing.
Throw: 30 darts (poison)
Press: ? - help, Q - select action, (/) - cycle Shift-Dir - straight line, f/p - white ugly thing
Aim: a white ugly thing (umbra, 59% to hit)
You throw a poisoned dart.
The poisoned dart hits the white ugly thing.
Unknown command.
You sock the white ugly thing! You bite the white ugly thing.
You drain its power.
The white ugly thing is moderately wounded.
The white ugly thing tentacle-slaps you!
The white ugly thing freezes you!!
You emit a cloud of dark smoke.
Unknown command.
You hit the white ugly thing. You bite the white ugly thing!
You drain its power.
You feel invigorated.
The white ugly thing is moderately wounded.
Unknown command.
You closely miss the white ugly thing. You bite the white ugly thing!
You drain its power.
You feel invigorated.
The white ugly thing is heavily wounded.
The white ugly thing tentacle-slaps you.
The white ugly thing freezes you!!
* * * LOW HITPOINT WARNING * * *
Unknown command.
Unknown command.
Unknown command.
The white ugly thing tentacle-slaps you but does no damage.
Aiming: Paralyse
Press: ? - help, Shift-Dir - straight line, f/p - white ugly thing
Aim: a white ugly thing (heavily wounded, umbra, chance to affect: 31%)
The white ugly thing easily resists.
The white ugly thing tentacle-slaps you!
* * * LOW HITPOINT WARNING * * *
The white ugly thing freezes you!!
You die...

#.........# #.##.####..#.#.#
..........####.##.#<......#.#
#..............##.###....##.#
#.........#######.# #....##.#
.........## #.# #.......#
.#####.##########.# #...#####
+#####.# .........###...#
.......# .######........#
.......# #@####.#.# .......#
#u#....#.# .......#
#.#.####.# ....##.##
#.#.#....#
.....#.##.######.#.#.####
.....#....>.§§§§.#.#.#
.....#.....§§§§§.#...#
.....#.....§§§§§§#####
.....#.....§§§§§§#


You could see a white ugly thing.

Vanquished Creatures
  A hydra (D:9)
  A death knight (D:9)
  A two-headed ogre (D:9)
  A phantasmal warrior (D:9)
  A manticore (D:9)
  A gargoyle (D:9)
  A freezing wraith (D:9)
  3 trolls
  2 wraiths (D:9)
  9 yaks (D:10)
  A steam dragon (D:9)
  Eustachio (D:4)
  4 vampire mosquitoes (D:5)
  Menkaure (D:7)
  3 water moccasins
  An acid dragon (D:6)
  4 ice beasts
  3 black bears
  2 orc warriors
  A hornet zombie (D:6)
  A sky beast (D:5)
  An ogre (D:7)
  3 centaurs
  A phantom (D:7)
  A kobold brigand (D:8)
  5 elf zombies (Ossuary)
  4 bullfrogs
  2 gnoll sergeants
  2 water moccasin skeletons
  5 killer bees (D:9)
  2 howler monkeys
  2 jellies
  5 centaur zombies
  A hound (D:6)
  4 human zombies (Ossuary)
  2 orc priests
  3 gnoll shamans
  4 iguanas
  3 orc wizards
  2 scorpion zombies (D:5)
  2 killer bee zombies
  3 mummies (Ossuary)
  A howler monkey zombie (D:9)
  26 gnolls
  15 adders
  A white imp (D:6)
  An ufetubus (D:6)
  An adder skeleton (D:4)
  3 worms
  2 dart slugs
  34 orcs
  4 endoplasms
  4 giant cockroaches
  4 goblins
  7 hobgoblins
  A jackal (D:1)
  2 quokkas
  11 ball pythons
  4 bats
  2 frilled lizards
  10 kobolds
  3 rats
236 creatures vanquished.

Vanquished Creatures (others)
  A plant (D:6)
1 creature vanquished.

Grand Total: 237 creatures vanquished

Notes
Turn   | Place    | Note
-------+----------+-------------------------------------------
     0 | D:1      | BeingJoeMalik the Vine Stalker Fighter began the quest for
                  | the Orb.
     0 | D:1      | Reached XP level 1. HP: 11/11 MP: 2/2
    81 | D:1      | Reached skill level 2 in Maces & Flails
   142 | D:1      | Reached XP level 2. HP: 16/16 MP: 3/3
   477 | D:1      | Reached skill level 3 in Maces & Flails
   561 | D:1      | Reached XP level 3. HP: 19/19 MP: 4/4
  1167 | D:2      | Gained mutation: Your natural rate of healing is unusually
                  | fast. [Vine Stalker growth]
  1167 | D:2      | Reached XP level 4. HP: 7/23 MP: 2/5
  1233 | D:3      | Reached skill level 4 in Maces & Flails
  1347 | D:3      | Reached XP level 5. HP: 18/27 MP: 3/6
  1382 | D:3      | Reached skill level 5 in Maces & Flails
  1498 | D:3      | Found a white marble altar of Elyvilon.
  1503 | D:3      | Found a snail-covered altar of Cheibriados.
  1503 | D:3      | Found a radiant altar of Vehumet.
  1503 | D:3      | Found a hazy altar of Hepliaklqana.
  1515 | D:3      | Found a glowing silver altar of Zin.
  1515 | D:3      | Found a shadowy altar of Dithmenos.
  1527 | D:3      | Became a worshipper of Dithmenos the Shadowed
  1574 | D:3      | Found a faded altar of an unknown god.
  1625 | D:3      | Found a blossoming altar of Fedhas.
  1713 | D:3      | Found a runed translucent door.
  1714 | D:3      | Noticed Crazy Yiuf
  1781 | D:4      | Found a sand-covered staircase.
  1798 | Ossuary  | Entered an ossuary
  1892 | Ossuary  | Reached XP level 6. HP: 26/32 MP: 3/7
  1937 | Ossuary  | Reached skill level 6 in Maces & Flails
  2021 | Ossuary  | Reached XP level 7. HP: 33/35 MP: 6/8
  2052 | Ossuary  | Reached skill level 7 in Maces & Flails
  2165 | Ossuary  | Reached skill level 8 in Maces & Flails
  2217 | D:4      | Identified a scroll of acquirement
  2217 | D:4      | Acquired the ring "Bon Hada" {Fly rElec Will+ Str+8 Dex-4}
  2251 | D:4      | Found an iron altar of Okawaru.
  2253 | D:4      | Found a staircase to the Ecumenical Temple.
  2320 | D:4      | Gained mutation: You have razor-sharp teeth. [Vine Stalker
                  | growth]
  2320 | D:4      | Reached XP level 8. HP: 39/39 MP: 9/9
  2342 | D:4      | Noticed Eustachio
  2357 | D:4      | Killed Eustachio
  2357 | D:4      | Reached * piety under Dithmenos
  2629 | D:4      | Reached skill level 9 in Maces & Flails
  2833 | Temple   | Entered the Ecumenical Temple
  3051 | D:5      | Entered Level 5 of the Dungeon
  3128 | D:5      | Reached skill level 10 in Maces & Flails
  3134 | D:5      | Reached XP level 9. HP: 35/43 MP: 10/10
  3408 | D:5      | Reached skill level 11 in Maces & Flails
  3408 | D:5      | Reached ** piety under Dithmenos
  3549 | D:5      | You are sucked into a shaft and drop 2 floors!
  3775 | D:7      | Noticed Menkaure
  3780 | D:7      | Killed Menkaure
  4139 | D:7      | Reached skill level 12 in Maces & Flails
  4290 | D:6      | Identified the ring of Ososarid {Str+3 Int+6 Slay-2}
  4378 | D:6      | Reached XP level 10. HP: 47/47 MP: 11/11
  4385 | D:6      | Found Aqiediq's Hydra Hut.
  4387 | D:6      | Noticed a six-headed hydra
  4656 | D:5      | Reached skill level 13 in Maces & Flails
  4847 | D:5      | Reached *** piety under Dithmenos
  5343 | D:8      | Found Zeth's Jewellery Boutique.
  5647 | D:8      | Found Iteco's Jewellery Shop.
  5724 | D:8      | Found a sacrificial altar of Ru.
  5757 | D:8      | Found Mivad's Jewellery Shop.
  5841 | D:8      | Found an ancient bone altar of Kikubaaqudgha.
  6086 | D:9      | Reached skill level 14 in Maces & Flails
  6147 | D:9      | Noticed a two-headed ogre
  6161 | D:9      | Killed a two-headed ogre
  6293 | D:9      | Found a staircase to the Orcish Mines.
  6294 | D:9      | Noticed a phantasmal warrior
  6298 | D:9      | Noticed a death knight
  6330 | D:9      | Reached **** piety under Dithmenos
  6335 | D:9      | Killed a death knight
  6336 | D:9      | Reached XP level 11. HP: 12/51 MP: 5/12
  6342 | D:9      | Reached skill level 15 in Maces & Flails
  6347 | D:9      | Killed a phantasmal warrior
  6459 | D:9      | Found a staircase to the Lair.
  6537 | D:9      | Noticed a seven-headed hydra
  6541 | D:9      | Found the +3 sling "Punk" {acid, rCorr}
  6559 | D:9      | Noticed a manticore
  6632 | D:9      | Killed a manticore
  6939 | D:9      | Killed a seven-headed hydra
  7050 | D:10     | Entered Level 10 of the Dungeon
  7155 | D:10     | Reached skill level 16 in Maces & Flails
  7598 | D:10     | Noticed a white ugly thing
  7612 | D:10     | Slain by a white ugly thing

Illustrated notes

Levels and vault maps discovered:
D:1:      lightli_arrival_maybe_door_vault, layout_rooms, minmay_tall_x
D:2:      layout_basic, guppyfry_early_lair_pool
D:3:      layout_rooms, mainiacjoe_overflow_six_doors_small,
          minmay_overflow_temple_hex, dreamdust_ecumenical_altar_grove,
          uniq_crazy_yiuf_cottage
D:4:      layout_cave_pools, mainiacjoe_overflow_tiny_flanked,
          minmay_temple_entry_butterflies, nicolae_ossuary_entry_ruins,
          minmay_snake_closets, uniq_eustachio
D:5:      layout_loops_ring
D:6:      layout_rooms, doesnt_shop_hydraphobe
D:7:      layout_layer_cave, uniq_menkaure
D:8:      layout_basic, lemuel_doored_altar,
          mainiacjoe_overflow_small_starburst, serial_shops, shop_coins, shop,
          nicolae_shop_advertising_works [nicolae_subvault_shop_adworks]
D:9:      layout_basic, lair_entry_dummy, david_orc_2, minmay_diamond_spiral
D:10:     layout_basic, nicolae_water_bricks
Temple:   hc_temple_tempest_star

Skill      XL: |  1  2  3  4  5  6  7  8  9 10 11 |
---------------+----------------------------------+-----
Maces & Flails | 2 3 4 5 6 8 10 12 14 16 | 16.3
Fighting       | |  2.6
Armour         | |  2.4
Shields        | |  2.6

Action                   |  1- 3 |  4- 6 |  7- 9 | 10-12 || total
-------------------------+-------+-------+-------+-------++-------
Melee: Flail             |    73 |   111 |   284 |   285 ||   753
       Bite              |    18 |    34 |    78 |    90 ||   220
Throw: Dart              |     5 |       |     6 |     5 ||    16
Evoke: Wand              |       |       |       |     5 ||     5
  Use: Scroll            |       |       |    16 |     5 ||    21
       Potion            |       |       |       |     2 ||     2
 Stab: Paralysed         |       |       |       |     2 ||     2
Armor: Scale mail        |    25 |       |       |       ||    25
       Chain mail        |     7 |    46 |   113 |   106 ||   272
Dodge: Dodged            |    25 |    21 |    93 |   102 ||   241
Block: Buckler           |    14 |    16 |    74 |    63 ||   167
